 Dungeon Crawl Stone Soup version 0.27-a0-1529-g1e82c303ef (webtiles) character file.

Game seed: 4701199202963539985

24 Demosthentine the Poker (level 3, 28/28 HPs)
             Began as a Merfolk Gladiator on July 11, 2021.
             Got out of the dungeon alive.
             The game lasted 00:01:04 (776 turns).

Demosthentine the Poker (Merfolk Gladiator)          Turns: 776, Time: 00:01:04

Health: 28/28      AC:  4    Str: 15    XL:     3   Next: 2%
Magic:  3/3        EV: 13    Int:  7    God:
Gold:   27         SH:  0    Dex: 15    Spells: 2/2 levels left

rFire    . . .     SeeInvis .   a - +0 trident
rCold    . . .     Faith    .   (no shield)
rNeg     . . .     Spirit   .   b - +0 leather armour
rPois    .         Reflect  .   c - +0 helmet
rElec    .         Harm     .   (no cloak)
rCorr    .         Rampage  .   (no gloves)
Will     .....                  (no boots)
Stlth    +.........             (no amulet)
HPRegen  0.09/turn              (no ring)
MPRegen  0.08/turn              (no ring)

@: no status effects
A: (nimble swimmer 2), mertail
a: no special abilities


You escaped.
You visited 1 branch of the dungeon, and saw 1 of its levels.

You collected 27 gold pieces.

Inventory:

Hand Weapons
 a - a +0 trident (weapon)
Missiles
 d - 3 throwing nets (quivered)
Armour
 b - a +0 leather armour (worn)
 c - a +0 helmet (worn)
Jewellery
 j - a ring of resist corrosion
Scrolls
 f - a scroll of acquirement
 g - a scroll of teleportation {unknown}
 i - a scroll of holy word {unknown}
Potions
 h - a potion of degeneration {unknown}
 k - a potion of mutation {unknown}


   Skills:
 + Level 2.6 Fighting
 + Level 4.8 Polearms
 - Level 2.0 Throwing
 + Level 0.7 Armour
 + Level 4.4 Dodging


You had 2 spell levels left.
You didn't know any spells.
Your spell library was empty.

Dungeon Overview and Level Annotations

Branches:
Dungeon (1/15)

Altars:

Shops:
D:1 [


Innate Abilities, Weirdness & Mutations

((You are quick and stealthy near water. (Stealth+, EV+, Speed+++)))
Your lower body shifts to a powerful aquatic tail in water.


Message History

A dart slug is nearby!
Your legs become a tail as you enter the water.
A dart slug is nearby!
You reach to attack!
You hit the dart slug.
The dart slug is moderately wounded.
The dart slug launches a dart at you. The slug dart misses you.
A dart slug is nearby!
You reach to attack!
You puncture the dart slug!
You kill the dart slug!
You have reached level 3!
Your experience leads to an increase in your attributes!
Increase (S)trength, (I)ntelligence, or (D)exterity?
You feel stronger.
There is a faded altar of an unknown god here.
Your legs become a tail as you enter the water.
You see here 25 stones.
You see here 11 stones.
Done exploring.
Key pressed, stopping explore.
No target in view!
No target in view!
Done exploring.
No target in view!
Done exploring.
No target in view!
No target in view!
Done exploring.
No target in view!
As you read the scroll labelled JAUCUY UHEKKIASS, it crumbles to dust.
You assume a fearsome visage.
Nothing appears to happen.
It was a scroll of fear.
Unknown command.
This is a scroll of acquirement!
You see here 11 stones.
There is a staircase leading out of the dungeon here.
You can't go down here!
You can't go down here!
Are you sure you want to leave the Dungeon?
This will make you lose the game!
You have escaped!

## #......# ###....##.# .#
####.### ###..>..#.# .#
#..####.........# .#
#...............#
.#########...♣♣♣♣♣♣♣♣♣...#
............♣..PP..PP♣.#.#
##########..♣...P..PP♣...#
.# #..♣P...PP..♣...#
.##### ##.♣PP.@.P..♣...#
.....######.♣..P...PP♣...#
####.....#..♣..PP...P♣...#
#####.#..♣PP..P...♣.#.#
###........♣PP..PP..♣.#.#
##.>.#####..♣♣♣♣♣♣♣♣♣..#.#
....## ##............#.#
###.# #..#######...#.##
###.## #...#####..###..#


There were no monsters in sight!

Vanquished Creatures
  3 dart slugs (D:1)
  A ball python (D:1)
  3 bats (D:1)
  An endoplasm (D:1)
  A giant cockroach (D:1)
  A hobgoblin (D:1)
  2 jackals (D:1)
  A quokka (D:1)
  2 goblins (D:1)
  A kobold (D:1)
16 creatures vanquished.

Notes
Turn   | Place    | Note
-------+----------+-------------------------------------------
     0 | D:1      | Demosthentine the Merfolk Gladiator began the quest for the
                  | Orb.
     0 | D:1      | Reached XP level 1. HP: 16/16 MP: 1/1
    78 | D:1      | Reached XP level 2. HP: 16/23 MP: 2/2
   274 | D:1      | Found Puiroala's Armour Boutique.
   620 | D:1      | Found a faded altar of an unknown god.
   632 | D:1      | Reached XP level 3. HP: 28/28 MP: 3/3
   724 | D:1      | Identified a scroll of acquirement
   776 | D:$      | Got out of the dungeon alive.

Illustrated notes

Levels and vault maps discovered:
D:1:      scummos_arrival_checkerplants, layout_rooms,
          chequers_ecumenical_altar_island, serial_shops, shop

Action                   || total
-------------------------++-------
Melee: Trident           ||    50
  Use: Scroll            ||     1
 Stab: Distracted        ||     1
Armor: Leather armour    ||    18
Dodge: Dodged            ||    32

Table legend: (Time is in decaauts)
 A = Elapsed time spent in this place.
 B = Non-inter-level travel time spent in this place.
 C = Inter-level travel time spent in this place.
 D = Time resting spent in this place.
 E = Time spent auto-exploring this place.
 F = Levels seen in this place.
 G = Mean time per level.
                   A        B        C        D        E       F      G
               +--------+--------+--------+--------+--------+-----+--------+
         Total |    775 |    775 |      0 |      0 |    617 |   1 |  775.0 |
       Dungeon |    775 |    775 |      0 |      0 |    617 |   1 |  775.0 |
               +--------+--------+--------+--------+--------+-----+--------+

Top non-repeatable levels by time:
     D:1: 775 daAuts
